 Dungeon Crawl Stone Soup version 0.28-a0-465-ge2dae52223 (webtiles) character file.

Game seed: 4952028008336408679

88 siradein the Poker (level 4, -13/34 HPs)
             Began as a Demonspawn Gladiator on Sept 14, 2021.
             Mangled by Terence (16 damage)
             ... on level 2 of the Dungeon.
             The game lasted 00:04:26 (1811 turns).

siradein the Poker (Demonspawn Gladiator)           Turns: 1811, Time: 00:04:27

Health: -13/34     AC:  5    Str: 15    XL:     4   Next: 30%
Magic:  4/4        EV: 12    Int: 10    God:
Gold:   37         SH:  0    Dex: 14    Spells: 3/3 levels left

rFire   . . .      SeeInvis .   a - +0 trident
rCold   . . .      Faith    .   (no shield)
rNeg    . . .      Spirit   .   b - +0 leather armour
rPois   .          Reflect  .   c - +0 helmet
rElec   .          Harm     .   (no cloak)
rCorr   .          Rampage  .   h - +0 pair of gloves
Will    .....                   (no boots)
Stlth   +.........              (no amulet)
HPRegen 0.11/turn               (no ring)
MPRegen 0.09/turn               (no ring)

@: no status effects
A: claws 1, powered by pain 1
a: no special abilities


You were on level 2 of the Dungeon.
You visited 1 branch of the dungeon, and saw 3 of its levels.

You collected 37 gold pieces.

Inventory:

Hand Weapons
 a - a +0 trident (weapon)
Missiles
 d - 3 throwing nets (quivered)
Armour
 b - a +0 leather armour (worn)
 c - a +0 helmet (worn)
 h - a +0 pair of gloves (worn)
Scrolls
 g - a scroll of identify {unknown}
Potions
 e - a potion of attraction {unknown}
 f - 2 potions of degeneration {unknown}
 i - a potion of invisibility {unknown}


   Skills:
 + Level 2.9 Fighting
 + Level 3.3 Polearms
 - Level 1.7 Throwing
 + Level 1.5 Armour
 + Level 3.2 Dodging


You had 3 spell levels left.
You didn't know any spells.
Your spell library contained the following spells:

 Spells                   Type           Power      Damage    Failure   Level
 Animate Skeleton         Necr           0%         N/A       43%         1
 Apportation              Tloc           0%         N/A       43%         1
 Summon Small Mammal      Summ           0%         N/A       43%         1
 Call Canine Familiar     Summ           0%         N/A       80%         3
 Summon Guardian Golem    Hex/Summ       0%         N/A       80%         3


Dungeon Overview and Level Annotations

Branches:
Dungeon (3/15)

Altars:

Annotations:
D:2 1 runed translucent door, Crazy Yiuf, Sigmund, Terence


Innate Abilities, Weirdness & Mutations

You have sharp fingernails.
You sometimes gain a little power by taking damage.


Message History

No target in view!
No target in view!
No target in view!
Sigmund the Dreaded comes into view.
He is wielding a +0 scythe.
Sigmund shouts!
You reach to attack!
You closely miss Terence.
Sigmund gestures wildly while chanting.
Sigmund flickers and vanishes!
Deactivating autopickup; reactivate with Ctrl-A.
You puncture Terence!
Terence is moderately wounded.
Terence closely misses you. Terence misses you.
You hit Terence but do no damage.
Terence is moderately wounded.
Terence closely misses you.
You hit Terence but do no damage.
Terence is moderately wounded.
Terence hits you but does no damage. Space warps horribly around you!
You hit Terence.
Terence is heavily wounded.
Terence barely misses you.
You hit Terence but do no damage.
Terence is heavily wounded.
Terence closely misses you. Something hits you.
Terence bares his teeth.
Terence says, "Don't bother to defend, it's senseless."
You closely miss Terence.
Terence is heavily wounded.
Terence closely misses you.
You hit Terence.
Terence is heavily wounded.
Something hits you.
Terence hits you with a +2 short sword of distortion.
* * * LOW HITPOINT WARNING * * *
Space bends around you.
* * * LOW HITPOINT WARNING * * *
You hit Terence but do no damage.
Terence is heavily wounded.
Terence hits you but does no damage. Space warps horribly around you!
You die...

##..## #.# #..
#....# #.# #..
#...##
#####†########
#.. ##.##
#.............
+.. #.##
#####.########
#.. ##.# #.#
#.. #.##
####.# #..
##)# #....#
#.. #+# #@####
#.. ..) #@#
#.. #...# #.#
.. #).)# #.#
##### #..#
###. .. ...
....


You could see Terence.

Vanquished Creatures
  Natasha (D:2)
  A gnoll (D:2)
  A worm (D:2)
  A dart slug (D:2)
  7 ball pythons
  2 bats (D:1)
  2 endoplasms
  3 giant cockroaches (D:1)
  4 goblins
  5 hobgoblins
  6 jackals (D:1)
  A quokka (D:1)
  4 frilled lizards
  5 kobolds
  2 rats
45 creatures vanquished.

Notes
Turn   | Place    | Note
-------+----------+-------------------------------------------
     0 | D:1      | siradein the Demonspawn Gladiator began the quest for the
                  | Orb.
     0 | D:1      | Reached XP level 1. HP: 16/16 MP: 1/1
   171 | D:1      | Gained mutation: You sometimes gain a little power by
                  | taking damage. [demonic ancestry]
   171 | D:1      | Reached XP level 2. HP: 14/22 MP: 2/2
   638 | D:1      | Reached skill level 1 in Armour
   806 | D:1      | Gained mutation: You have sharp fingernails. [demonic
                  | ancestry]
   806 | D:1      | Reached XP level 3. HP: 28/28 MP: 3/3
  1424 | D:2      | Found a runed translucent door.
  1424 | D:2      | Noticed Terence
  1425 | D:2      | Noticed Crazy Yiuf
  1475 | D:3      | Noticed a gnoll sergeant
  1777 | D:2      | Noticed Natasha
  1784 | D:2      | Killed Natasha
  1785 | D:2      | Reached XP level 4. HP: 34/34 MP: 4/4
  1799 | D:2      | Noticed Sigmund
  1811 | D:2      | Mangled by Terence

Illustrated notes

Levels and vault maps discovered:
D:1:      nzn_arrival_water_spiral, layout_rooms
D:2:      layout_basic, uniq_natasha, uniq_sigmund, uniq_crazy_yiuf_cottage,
          uniq_terence
D:3:      layout_basic, mainiacjoe_overflow_alcove_2,
          gammafunk_temple_overflow_statue, chequers_ecumenical_altar_twisty,
          item_on_display_a, uniq_jessica

Skill      XL: |  1  2 |
---------------+-------+-----
Polearms       | 3 |  3.3
Armour         | 1 |  1.5
Dodging        | 3 |  3.2
Fighting       | |  2.9
Throwing       | |  1.7

Action                   |  1- 3 |  4- 6 || total
-------------------------+-------+-------++-------
Melee: Trident           |   155 |    11 ||   166
 Stab: Sleeping          |     1 |       ||     1
       Distracted        |       |     1 ||     1
Armor: Leather armour    |    64 |     2 ||    66
Dodge: Dodged            |   112 |     6 ||   118

Table legend: (Time is in decaauts)
 A = Elapsed time spent in this place.
 B = Non-inter-level travel time spent in this place.
 C = Inter-level travel time spent in this place.
 D = Time resting spent in this place.
 E = Time spent auto-exploring this place.
 F = Levels seen in this place.
 G = Mean time per level.
                   A        B        C        D        E       F      G
               +--------+--------+--------+--------+--------+-----+--------+
         Total |   1835 |   1829 |      6 |      0 |   1426 |   3 |  611.7 |
       Dungeon |   1835 |   1829 |      6 |      0 |   1426 |   3 |  611.7 |
               +--------+--------+--------+--------+--------+-----+--------+

Top non-repeatable levels by time:
     D:1: 980 daAuts
     D:2: 817 daAuts
     D:3: 36 daAuts
